 Dungeon Crawl Stone Soup version 0.29-a0-340-g6efceafd81 (webtiles) character file.

Game seed: 2632844130824860034

121685 bande the Severer (level 16, 0/101 HPs)
             Began as a Gargoyle Fighter on Apr 20, 2022.
             Was the Champion of Okawaru.
             Slain by a mana viper (2 damage)
             ... on level 3 of the Snake Pit.
             The game lasted 01:09:25 (31144 turns).

bande the Severer (Gargoyle Fighter)               Turns: 31144, Time: 01:09:27

Health: 0/101      AC: 47    Str: 23    XL:     16   Next: 85%
Magic:  15/25      EV:  5    Int: 15    God:    Okawaru [******]
Gold:   2692       SH:  7    Dex: 18    Spells: 15/15 levels left

rFire   + . .      SeeInvis .   G - +7 broad axe of Symmetry {elec, rC++ Will+}
rCold   + + .      Faith    .   K - +0 buckler {reflect}
rNeg    + . .      Spirit   .   T - +7 chain mail "Fuab Iracw" {Will+ Str+4 Int+3}
rPois   ∞          Reflect  +   F - +2 helmet
rElec   +          Harm     .   b - scarf {repulsion}
rCorr   .          Rampage  .   V - +1 pair of gloves {Dex+3}
Will    +++..                   f - +2 pair of boots
Stlth   ..........              N - amulet of regeneration
HPRegen 1.06/turn               e - +4 ring of protection
MPRegen 0.19/turn               n - +4 ring of slaying

@: about to teleport, weakened, flying, constricted, repel missiles
A: sickness immunity, AC +12, big wings, negative energy resistance 1,
electricity resistance, torment resistance 1, petrification resistance,
iridescent scales 1, fire resistance 1
a: Renounce Religion, Heroism, Finesse, Duel


You were on level 3 of the Snake Pit.
You worshipped Okawaru.
Okawaru was exalted by your worship.
You visited 5 branches of the dungeon, and saw 27 of its levels.

You collected 2879 gold pieces.
You spent 187 gold pieces at shops.

Inventory:

Hand Weapons
 d - a +7 spectral war axe
 x - a +2 scimitar of flaming
 G - the +7 broad axe of Symmetry (weapon) {elec, rC++ Will+}
   (Okawaru gifted it to you on level 1 of the Lair of Beasts)

   It occasionally discharges a powerful burst of electricity upon striking a
   foe.
   rC:        It greatly protects you from cold.
   Will:      It increases your willpower.
Missiles
 D - a throwing net (quivered)
Armour
 b - a scarf of repulsion (worn)
 c - a +0 plate armour of cold resistance
 f - a +2 pair of boots (worn)
 i - a +0 hat of willpower
 F - a +2 helmet (worn)
 K - a +0 buckler of reflection (worn)
 T - the +7 chain mail "Fuab Iracw" (worn) {Will+ Str+4 Int+3}
   (Okawaru gifted it to you on level 13 of the Dungeon)

   Str:       It affects your strength (+4).
   Int:       It affects your intelligence (+3).
   Will:      It increases your willpower.
 V - a +1 pair of gloves of dexterity (worn)
 Y - +0 fire dragon scales
Jewellery
 e - a +4 ring of protection (left hand)
 n - a +4 ring of slaying (right hand)
 o - a +4 ring of evasion
 q - a +4 ring of evasion
 y - an amulet of the acrobat
 H - a ring of ice
 J - a +4 ring of protection
 N - an amulet of regeneration (around neck)
 O - a ring of positive energy
Wands
 p - a wand of mindburst (17)
 s - a wand of polymorph (13)
 w - a wand of flame (13)
 E - a wand of iceblast (24)
 P - a wand of acid (3)
 Q - a wand of paralysis (4)
Scrolls
 h - 7 scrolls of teleportation
 k - a scroll of blinking
 l - 2 scrolls of enchant weapon
 t - 2 scrolls of amnesia
 u - 4 scrolls of fear
 v - 5 scrolls of enchant armour
 A - 4 scrolls of fog
 C - 5 scrolls of identify
 W - 7 scrolls of magic mapping
Potions
 a - 2 potions of resistance
 g - 2 potions of invisibility
 j - 4 potions of cancellation
 m - 6 potions of brilliance
 r - 4 potions of haste
 z - 2 potions of berserk rage
 B - 2 potions of magic
 I - 5 potions of might
 M - 5 potions of curing
 R - 3 potions of ambrosia
 Z - 3 potions of mutation
Miscellaneous
 L - a phantom mirror
 U - a phial of floods
 X - a condenser vane


   Skills:
 - Level 11.7 Fighting
 + Level 16.8 Axes
 + Level 12.0 Armour
 - Level 0.1 Stealth
 + Level 10.3 Shields
 * Level 13.3 Invocations
 * Level 11.1 Evocations


You had 15 spell levels left.
You didn't know any spells.
Your spell library contained the following spells:

 Spells                   Type           Power      Damage    Failure   Level
 Foxfire                  Conj/Fire      0%         2x1d4     86%         1
 Shock                    Conj/Air       0%         1d3       86%         1
 Blink                    Tloc           0%         N/A       94%         2
 Corpse Rot               Necr/Air       0%         N/A       94%         2
 Poisonous Vapours        Pois/Air       0%         N/A       94%         2
 Conjure Flame            Conj/Fire      0%         6-21      99%         3
 Inner Flame              Hex/Fire       0%         N/A       99%         3
 Lesser Beckoning         Tloc           0%         N/A       99%         3
 Stone Arrow              Conj/Erth      0%         3d7       99%         3
 Swiftness                Air            0%         N/A       99%         3
 Airstrike                Air            0%         N/A       100%        4
 Flame Wave               Conj/Fire      0%         2d4       100%        4
 Passage of Golubria      Tloc           0%         N/A       100%        4
 Petrify                  Tmut/Erth      0%         N/A       100%        4
 Fireball                 Conj/Fire      0%         3d3       100%        5
 Irradiate                Conj/Tmut      0%         3d13      100%        5
 Iskenderun's Battlesphe  Conj           0%         2d6       100%        5
 Lightning Bolt           Conj/Air       0%         1d11      100%        5
 Manifold Assault         Tloc           0%         N/A       100%        5
 Silence                  Hex/Air        0%         N/A       100%        5
 Conjure Ball Lightning   Conj/Air       0%         3x3d6     100%        6
 Dispersal                Tloc           0%         N/A       100%        6
 Starburst                Conj/Fire      0%         6d3       100%        6
 Orb of Destruction       Conj           0%         9d5       100%        7
 Storm Form               Tmut/Air       0%         N/A       100%        7
 Disjunction              Tloc           0%         N/A       100%        8
 Ignition                 Fire           0%         3d3       100%        8
 Lehudib's Crystal Spear  Conj/Erth      0%         10d2      100%        8
 Maxwell's Capacitive Co  Air            0%         ∞         100%        8
 Sublimation of Blood     Necr           Unusable   N/A       N/A         2
 Summon Guardian Golem    Hex/Summ       Unusable   N/A       N/A         3
 Animate Armour           Summ/Erth      Unusable   N/A       N/A         4
 Summon Lightning Spire   Summ/Air       Unusable   N/A       N/A         4
 Spellforged Servitor     Conj/Summ      Unusable   N/A       N/A         7

Dungeon Overview and Level Annotations

Branches:
Dungeon (15/15)            Temple (1/1) D:4            Lair (6/6) D:8
 Shoals (0/4) Lair:3        Snake (3/4) Lair:2        Slime (0/5) Lair:6
    Orc (2/2) D:10            Elf (0/3) Orc:2        Vaults (0/5) D:14
 Depths (0/4) D:15

Altars:
Ashenzari
Gozag
Hepliaklqana
Nemelex Xobeh
Okawaru
Qazlal
Ru
Sif Muna
Trog
Wu Jian
Xom
Zin
The Shining One
Beogh
Jiyva

Shops:
D:5 (   D:10 ![   D:11 (   Orc:1 (   Orc:2 =(*[[*   Snake:2 :

Annotations:
D:10 2 transporters, sirJeffrey23's ghost, novice DsMo
D:15 2 transporters, Palms's ghost, adept HOFi
Lair:2 exclusion: ice statue
Lair:5 exclusion: 3 oklob plants


Innate Abilities, Weirdness & Mutations

You are immune to sickness and miasma.
Your stone body is resilient. (AC +12)
You are immune to poison.
Your large and strong wings let you fly.
You resist negative energy. (rN+)
You are resistant to electric shocks. (rElec)
You are resistant to unholy torment.
You are immune to petrification.
You are partially covered in iridescent scales. (AC +2)
Your flesh is heat resistant. (rF+)


Message History

Lightning courses through the black mamba!!
You closely miss the anaconda. You block the anaconda's attack.
The anaconda constricts you.
* * * LOW HITPOINT WARNING * * *
The black mamba bites you but does no damage.
The shock serpent bites you.
* * * LOW HITPOINT WARNING * * *
The shock serpent shocks you. You resist.
* * * LOW HITPOINT WARNING * * *
The salamander hits you but does no damage.
The anaconda bites you but does no damage.
The anaconda constricts you. The black mamba completely misses you.
The mana viper bites you but does no damage.
The shock serpent bites you but does no damage.
You feel better.
The anaconda bites you but does no damage.
The anaconda constricts you.
The anaconda bites you but does no damage.
The anaconda constricts you.
* * * LOW HITPOINT WARNING * * *
The black mamba bites you!
* * * LOW HITPOINT WARNING * * *
You block the naga ritualist's attack.
The salamander hits you but does no damage.
The shock serpent bites you but does no damage.
The mana viper bites you.
* * * LOW HITPOINT WARNING * * *
You feel your power leaking away.
The anaconda bites you but does no damage.
The anaconda constricts you.
The black mamba bites you but does no damage.
A naga comes into view. It is wielding a +0 short sword.
Okay, then.
You feel better. You block the anaconda's attack. The anaconda constricts you.
The anaconda bites you.
* * * LOW HITPOINT WARNING * * *
The anaconda constricts you.
The shock serpent bites you but does no damage.
The mana viper bites you.
You die... .. ... .. . ... .
N# ##.. . ##. . ... ..#..
N#SS ...NNN#NN

#..NNS#S#
#NNS@###
#....S#SS.###
#...#
###...## ...
###..# .
##.##
#..##########
##......#....
##...........
#.....!...<..


You could see 2 naga warriors, a salamander mystic, a salamander (strong), 2
anacondas, 2 naga ritualists, a shock serpent, 2 mana vipers, 3 black mambas, 2
naga magi and 2 nagas.

Vanquished Creatures
  Gastronok (Lair:2)
  Kirke (D:13)
  A nagaraja (Snake:2)
  An orc warlord (Orc:2)
  Nessos (D:15)
  A fire dragon (Lair:6)
  The ghost of NateTC the Grappler, a journeyman TrBe of Trog (Lair:1)
  4 vault guards
  A salamander tyrant (Snake:3)
  9 hydras
  6 anacondas
  A catoblepas (Lair:4)
  6 centaur warriors
  5 boulder beetles
  4 naga warriors
  3 two-headed ogres
  2 death knights
  3 death yaks (D:8)
  3 tengu warriors
  5 shock serpents
  5 naga sharpshooters
  4 orc high priests (Orc:2)
  A hell knight (D:15)
  16 skeletal warriors
  A naga ritualist (Snake:1)
  A death drake (shapeshifter) (D:13)
  A wizard (D:15)
  4 orc knights
  A lindwurm (Lair:6)
  2 mana vipers (Snake:1)
  4 deep elf pyromancers
  A phantasmal warrior (D:13)
  A mana viper (shapeshifter) (D:14)
  A necromancer (D:15)
  2 wolf spiders (Lair:6)
  3 orc sorcerers (Orc:2)
  4 cyclopes
  A manticore (D:13)
  4 salamanders
  9 ugly things
  13 elephants
  2 guardian serpents
  19 black mambas
  5 naga magi
  A gargoyle (D:12)
  Joseph (D:10)
  5 torpor snails (Lair:6)
  A torpor snail (shapeshifter) (D:15)
  10 cane toads
  5 rime drakes
  2 efreet
  An unseen horror (D:10)
  8 komodo dragons
  Maggie (D:6)
  2 freezing wraiths
  A polar bear (shapeshifter) (D:14)
  6 trolls
  4 tyrant leeches (Lair:6)
  A meliai (D:13)
  2 polar bears
  16 blink frogs
  A dream sheep (Lair:2)
  8 hornets
  2 shadows (D:10)
  2 spriggans (Lair:2)
  2 vampires (D:13)
  A hog (D:13)
  11 wyverns
  5 basilisks
  38 yaks
  3 steam dragons
  A wraith (D:11)
  2 humans (D:13)
  A redback (Lair:6)
  A warg (Orc:1)
  3 acid dragons
  12 nagas
  24 water moccasins
  12 ice beasts
  5 black bears
  28 orc warriors
  3 ogres
  4 centaurs
  18 wolves
  2 phantoms
  2 kobold brigands
  12 bullfrogs
  4 scorpions
  A necrophage (D:7)
  13 wights
  5 howler monkeys
  4 electric eels (Lair:3)
  3 hounds
  2 jellies
  28 orc priests
  Natasha (thrice) (D:2)
  3 iguanas
  34 orc wizards
  A hell rat (D:8)
  6 ogre zombies (D:10)
  6 adders
  A river rat (D:8)
  A shadow imp (D:8)
  A white imp (D:6)
  An ufetubus (D:5)
  15 dart slugs
  86 orcs
  5 bats
  7 endoplasms
  4 giant cockroaches
  7 goblins
  3 hobgoblins
  3 quokkas
  3 training dummies (D:11)
  8 ball pythons
  A frilled lizard (D:1)
  A goblin skeleton (D:10)
  2 goblin zombies (D:10)
  3 hobgoblin skeletons (D:10)
  3 hobgoblin zombies (D:10)
  14 kobolds
  An orc skeleton (D:10)
  8 orc zombies (D:10)
  5 rats
730 creatures vanquished.

Vanquished Creatures (others)
  An orc warrior (Orc:2)
  34 fungi
  91 plants
126 creatures vanquished.

Grand Total: 856 creatures vanquished

Notes
Turn   | Place    | Note
-------+----------+-------------------------------------------
     0 | D:1      | bande the Gargoyle Fighter began the quest for the Orb.
     0 | D:1      | Reached XP level 1. HP: 14/14 MP: 1/1
    87 | D:1      | Reached XP level 2. HP: 13/19 MP: 2/2
   309 | D:1      | Reached skill level 2 in Axes
   417 | D:1      | Gained mutation: Your spells are a little easier to cast,
                  | but a little less powerful. [potion of mutation]
   417 | D:1      | Gained mutation: Your flesh is heat resistant. (rF+)
                  | [potion of mutation]
   417 | D:1      | Lost mutation: Your spells are a little easier to cast, but
                  | a little less powerful. [potion of mutation]
   417 | D:1      | Gained mutation: You are partially covered in iridescent
                  | scales. (AC +2) [potion of mutation]
   784 | D:1      | Found a faded altar of an unknown god.
  1024 | D:1      | Reached XP level 3. HP: 23/23 MP: 3/3
  1372 | D:2      | Found an ornate altar of the Wu Jian Council.
  1612 | D:2      | Reached XP level 4. HP: 23/28 MP: 4/4
  1804 | D:2      | Noticed Natasha
  1813 | D:2      | Killed Natasha
  1814 | D:2      | Reached skill level 3 in Axes
  1965 | D:2      | Noticed Natasha
  1974 | D:2      | Killed Natasha
  2304 | D:2      | Noticed Natasha
  2318 | D:2      | Killed Natasha
  2319 | D:2      | Reached XP level 5. HP: 20/33 MP: 5/5
  2802 | D:3      | Identified the +8 spear of Terror {vorpal, rN+}
  3308 | D:4      | Found a staircase to the Ecumenical Temple.
  3315 | Temple   | Entered the Ecumenical Temple
  3325 | Temple   | Became a worshipper of Warmaster Okawaru
  3691 | D:4      | Found a sparkling altar of Nemelex Xobeh.
  4310 | D:5      | Entered Level 5 of the Dungeon
  4323 | D:5      | Reached skill level 4 in Axes
  4323 | D:5      | Reached XP level 6. HP: 32/38 MP: 6/6
  4335 | D:5      | Reached skill level 1 in Invocations
  4335 | D:5      | Reached skill level 1 in Evocations
  4531 | D:5      | Noticed an ice beast
  4541 | D:5      | Killed an ice beast
  4542 | D:5      | Reached XP level 7. HP: 43/43 MP: 8/8
  4548 | D:5      | Found Anuet's Antique Weapon Boutique.
  4567 | D:5      | Reached * piety under Okawaru
  4720 | D:5      | Reached skill level 5 in Axes
  4965 | D:5      | Noticed a steam dragon
  4966 | D:5      | Noticed a steam dragon
  5084 | D:4      | Killed a steam dragon
  5207 | D:5      | Killed a steam dragon
  5207 | D:5      | Reached ** piety under Okawaru
  5208 | D:5      | Reached XP level 8. HP: 46/48 MP: 10/10
  5518 | D:6      | Reached skill level 5 in Shields
  5565 | D:6      | Noticed Maggie
  5572 | D:6      | Reached skill level 5 in Fighting
  5587 | D:6      | Killed Maggie
  5588 | D:6      | Reached skill level 6 in Axes
  5588 | D:6      | Reached skill level 5 in Armour
  5844 | D:6      | Reached *** piety under Okawaru
  5845 | D:6      | Reached XP level 9. HP: 33/54 MP: 10/12
  6469 | D:6      | Reached skill level 7 in Axes
  7109 | D:7      | Reached **** piety under Okawaru
  7309 | D:7      | Reached skill level 5 in Invocations
  7980 | D:8      | Reached skill level 8 in Axes
  7994 | D:8      | Reached XP level 10. HP: 55/60 MP: 12/14
  8308 | D:8      | Found a staircase to the Lair.
  8308 | D:8      | Noticed a death yak
  8324 | D:8      | Killed a death yak
  8429 | D:8      | Noticed a death yak
  8443 | D:8      | Noticed a death yak
  8459 | D:8      | Killed a death yak
  8459 | D:8      | Received a gift from Okawaru
  8460 | D:8      | Reached skill level 5 in Evocations
  8472 | D:8      | Killed a death yak
  8473 | D:8      | Reached skill level 9 in Axes
  8657 | D:8      | Reached ***** piety under Okawaru
  9119 | D:8      | Found a sacrificial altar of Ru.
  9293 | Lair:1   | Entered Level 1 of the Lair of Beasts
  9334 | Lair:1   | Reached XP level 11. HP: 63/67 MP: 14/16
  9864 | Lair:1   | Reached skill level 10 in Axes
  9983 | Lair:1   | Found a runed translucent door.
  9985 | Lair:1   | Noticed NateTC's ghost (journeyman TrBe)
 10019 | Lair:1   | HP: 2/67 [NateTC's ghost (17)]
 10020 | Lair:1   | Killed NateTC's ghost
 10513 | Lair:1   | Identified the +7 broad axe of Symmetry {elec, rC++ Will+}
                  | (Okawaru gifted it to you on level 1 of the Lair of Beasts)
 10513 | Lair:1   | Received a gift from Okawaru
 11096 | Lair:2   | Found a staircase to the Snake Pit.
 11584 | Lair:2   | Reached ****** piety under Okawaru
 11627 | Lair:2   | Reached XP level 12. HP: 53/73 MP: 17/17
 11739 | Lair:2   | Reached skill level 11 in Axes
 12233 | Lair:2   | Noticed Gastronok
 12251 | Lair:2   | Killed Gastronok
 12251 | Lair:2   | Received a gift from Okawaru
 12558 | Lair:2   | Received a gift from Okawaru
 12806 | Lair:3   | Found a staircase to the Shoals.
 12861 | Lair:3   | Noticed an eight-headed hydra
 12879 | Lair:3   | Killed an eight-headed hydra
 13206 | Lair:3   | Reached skill level 12 in Axes
 13716 | Lair:3   | Received a gift from Okawaru
 14143 | Lair:4   | Reached XP level 13. HP: 80/80 MP: 19/19
 14363 | Lair:4   | Received a gift from Okawaru
 14363 | Lair:4   | Found the +18 Lear's hauberk
 14487 | Lair:4   | Identified the amulet "Xiotu" {Faith rF+ rC+ Will- Stlth+}
 16071 | Lair:6   | Entered Level 6 of the Lair of Beasts
 16093 | Lair:5   | Reached skill level 13 in Axes
 16497 | Lair:5   | Reached skill level 10 in Invocations
 16906 | Lair:6   | Reached skill level 10 in Fighting
 16963 | Lair:6   | Found a viscous altar of Jiyva.
 16963 | Lair:6   | Found a staircase to the Slime Pits.
 17017 | Lair:6   | Identified the +0 ring mail "Tygys" {rF+ Dex+6} (Okawaru
                  | gifted it to you on level 6 of the Lair of Beasts)
 17017 | Lair:6   | Received a gift from Okawaru
 17282 | Lair:6   | Gained mutation: Your large and strong wings let you fly.
                  | [Gargoyle growth]
 17282 | Lair:6   | Reached XP level 14. HP: 88/88 MP: 21/21
 17757 | Lair:6   | Found a runed translucent door.
 18048 | Lair:6   | Reached skill level 14 in Axes
 19497 | D:10     | Entered Level 10 of the Dungeon
 19509 | D:10     | Found a transporter.
 19515 | D:10     | Found a bloodstained altar of Trog.
 19515 | D:10     | Noticed sirJeffrey23's ghost (novice DsMo)
 19519 | D:10     | Found a transporter.
 19661 | D:10     | Found a staircase to the Orcish Mines.
 19931 | D:10     | Found Buevvud's Distillery.
 19978 | D:10     | Noticed Joseph
 19988 | D:10     | Killed Joseph
 20177 | D:10     | Found Jylidwas's Antique Armour Shoppe.
 20184 | D:10     | Bought a pair of glowing gloves for 187 gold pieces
 20558 | D:11     | Identified the +5 arbalest of Grace {vorpal, rElec Will-
                  | rCorr Stlth+} (Okawaru gifted it to you on level 11 of the
                  | Dungeon)
 20558 | D:11     | Received a gift from Okawaru
 20610 | D:11     | Reached skill level 10 in Armour
 20754 | D:11     | Found Beruocw's Firing Range.
 22453 | D:13     | Reached XP level 15. HP: 62/95 MP: 23/23
 22478 | D:13     | Identified the +7 chain mail "Fuab Iracw" {Will+ Str+4
                  | Int+3} (Okawaru gifted it to you on level 13 of the
                  | Dungeon)
 22478 | D:13     | Received a gift from Okawaru
 22685 | D:13     | Noticed Kirke
 22698 | D:13     | Noticed a sphinx
 22701 | D:13     | Killed Kirke
 23030 | D:13     | Reached skill level 15 in Axes
 23181 | D:14     | Found a gate to the Vaults.
 24122 | D:14     | Found a shimmering blue altar of Sif Muna.
 24267 | D:14     | Reached skill level 10 in Evocations
 24632 | D:14     | Identified the +6 hand axe "Xoaxisoeri" {drain, rC+ Will+}
                  | (Okawaru gifted it to you on level 14 of the Dungeon)
 24632 | D:14     | Received a gift from Okawaru
 25151 | D:15     | Entered Level 15 of the Dungeon
 25151 | D:15     | Found an opulent altar of Gozag.
 25550 | D:15     | Found a transporter.
 25554 | D:15     | Noticed Palms's ghost (adept HOFi)
 25554 | D:15     | Noticed a sphinx
 25564 | D:15     | Found a transporter.
 25634 | D:15     | Noticed Nessos
 25644 | D:15     | Killed Nessos
 25644 | D:15     | Received a gift from Okawaru
 26144 | D:15     | Found a glowing golden altar of the Shining One.
 26193 | D:15     | Found a staircase to the Depths.
 26570 | Orc:1    | Entered Level 1 of the Orcish Mines
 26672 | Orc:1    | Reached XP level 16. HP: 101/101 MP: 25/25
 26928 | Orc:2    | Entered Level 2 of the Orcish Mines
 27103 | Orc:2    | Found Wusekk's Gadget Gallery.
 27134 | Orc:2    | Found a staircase to the Elven Halls.
 27612 | Orc:2    | Reached skill level 16 in Axes
 28117 | Orc:2    | Found Vunor's Antique Armour Boutique.
 28118 | Orc:2    | Found Ukeiklou's Antique Weapon Boutique.
 28120 | Orc:2    | Found Zuciv's General Store.
 28120 | Orc:2    | Found Loys's Jewellery Shop.
 28217 | Orc:2    | Found Lus Den's Armour Boutique.
 28448 | Orc:1    | Found Miniobry's Weapon Shoppe.
 28936 | Snake:1  | Entered Level 1 of the Snake Pit
 29073 | Snake:1  | Received a gift from Okawaru
 29782 | Snake:1  | Reached skill level 10 in Shields
 30344 | Snake:2  | Found Rur Vij's Book Boutique.
 30840 | Snake:2  | Noticed a nagaraja
 30853 | Snake:2  | Killed a nagaraja
 31143 | Snake:3  | HP: 2/101 [mana viper (6)]
 31144 | Snake:3  | Slain by a mana viper

Illustrated notes

Levels and vault maps discovered:
D:1:      dpeg_arrival_stone_temple_mockup, layout_basic,
          ebering_ecumenical_altar_webs
D:2:      layout_basic, basic_altar, uniq_natasha
D:3:      layout_rooms, minmay_fractal_squares_gapless_5
D:4:      kennysheep_slugbush, layout_basic, mainiacjoe_overflow_brackets,
          minmay_temple_entry_drinking_statues, minmay_misc_feat_rows
D:5:      kennysheep_steamy, layout_loops_ring, serial_shops, shop,
          due_unseen_surprise
D:6:      layout_basic, uniq_maggie
D:7:      layout_loops_ring, serial_glass, glass_columns_b, glass_columns_c
D:8:      layout_loops_corners, nicolae_ru_path_of_blood, dpeg_lair_monsters,
          enter_bailey_2
D:9:      layout_long_grid, serial_co_window_serial, co_window_corner_a,
          co_window_paths_b, co_window_corner_a, co_window_paths_a,
          co_window_corner_a, co_window_cross_3, co_window_paths_c,
          co_window_2corner, co_window_unsneaky_path_c, co_window_broadway_c,
          co_window_4corner_b, glass_columns_c
D:10:     layout_small_grid, zombieorc1_lemuel,
          gammafunk_ghost_wrathful_warriors, serial_shops, shop_fountains, shop,
          uniq_joseph
D:11:     layout_cave_pools, nicolae_shop_firing_range
D:12:     layout_layer_cave
D:13:     layout_roguey, minivault_23, uniq_frances, uniq_kirke
D:14:     minmay_tri_box, layout_grid_maze, lightli_vaults_fourway_checkpoint,
          lemuel_blue_sif_altar
D:15:     hangedman_depths_entry_civil_slaughter, layout_gridville,
          gammafunk_ghost_arena, lemuel_doored_altar,
          nicolae_gozag_seed_capital, uniq_nessos
Temple:   regret_index_temple_chain_breaker
Lair:1:   beast_lair_carwin_large_1, layout_cave_pods,
          ebering_ghost_reflecting_pool
Lair:2:   wad_woods_tower, layout_regular_city, guppyfry_snake_entry_island,
          chequers_serial_rivers_micro_e, ice2_lemuel, uniq_gastronok
Lair:3:   layout_cave_pods, shoals_dummy_entry, lemuel_fruit_fields,
          infiniplex_staircase_pool, serial_bayou_shore_a, grunt_megastairs_5
Lair:4:   layout_roguey, grunt_megastairs_3, lemuel_fruit_tree,
          serial_bayou_shore_b
Lair:5:   layout_concentric_octagons, dpeg_oklob_1, serial_bayou_shore_b
Lair:6:   hangedman_lair_tendril_chambers, layout_regular_city, wormcave,
          dpeg_slime_entry_enclosed_altar
Snake:1:  layout_chambers, serial_bayou_pond_a
Snake:2:  layout_misc_corridors, drop_trap, grunt_megastairs_1, minmay_shop_star
Snake:3:  layout_rooms
Orc:1:    layout_caves, basic_altar, serial_shops, nicolae_shop_hallway_plus,
          nicolae_orc_flooded_monolith, david_defended_altar_orc
Orc:2:    st_orc_congregation, layout_diamond_mine, serial_shops, shop,
          nicolae_shop_gadgets

Skill      XL: |  1  2  3  4  5  6  7  8  9 10 11 12 13 14 15 16 |
---------------+-------------------------------------------------+-----
Axes           | 2 3 4 5 6 8 9 10 12 13 14 15 16 | 16.8
Armour         | 4 5 6 7 8 9 10 11 12 | 12.0
Shields        | 4 5 6 7 8 9 10 | 10.3
Fighting       | 4 5 6 7 8 9 10 11 | 11.7
Invocations    | 1 3 4 5 6 7 9 10 11 12 13 | 13.3
Evocations     | 1 2 3 4 5 6 7 8 9 10 11 | 11.1
Stealth        | |  0.1

Action                   |  1- 3 |  4- 6 |  7- 9 | 10-12 | 13-15 | 16-18 || total
-------------------------+-------+-------+-------+-------+-------+-------++-------
Melee: War axe           |   139 |   142 |   287 |   279 |       |       ||   847
       Broad axe         |       |       |       |   240 |   924 |   423 ||  1587
       Flail             |       |       |       |     7 |    60 |       ||    67
       Scimitar          |       |       |       |       |     5 |       ||     5
Invok: Heroism           |       |       |       |     2 |       |       ||     2
  Use: Scroll            |     5 |     8 |     6 |     4 |     8 |     2 ||    33
       Potion            |     1 |       |       |     7 |     3 |     2 ||    13
Armor: Scale mail        |    56 |       |       |       |       |       ||    56
       Chain mail        |    53 |   154 |    95 |       |   343 |   311 ||   956
       Plate armour      |       |       |   116 |   424 |   665 |       ||  1205
Dodge: Dodged            |    63 |   104 |   159 |   241 |   363 |   103 ||  1033
       Repelled          |       |       |       |       |     8 |     9 ||    17
Block: Buckler           |    27 |    51 |    98 |   146 |   356 |   139 ||   817
       Reflection        |       |       |       |       |       |    14 ||    14

Table legend: (Time is in decaauts)
 A = Elapsed time spent in this place.
 B = Non-inter-level travel time spent in this place.
 C = Inter-level travel time spent in this place.
 D = Time resting spent in this place.
 E = Time spent auto-exploring this place.
 F = Levels seen in this place.
 G = Mean time per level.
                   A        B        C        D        E       F      G
               +--------+--------+--------+--------+--------+-----+--------+
         Total |  31325 |  30406 |    919 |   5796 |  17517 |  27 | 1160.2 |
       Dungeon |  17804 |  17132 |    672 |   3054 |  10375 |  15 | 1186.9 |
        Temple |     36 |     24 |     12 |      0 |      1 |   1 |   36.0 |
          Lair |   9162 |   8963 |    199 |   2083 |   4836 |   6 | 1527.0 |
     Snake Pit |   2162 |   2132 |     30 |    241 |   1487 |   3 |  720.7 |
  Orcish Mines |   2159 |   2153 |      6 |    418 |    817 |   2 | 1079.5 |
               +--------+--------+--------+--------+--------+-----+--------+

Top non-repeatable levels by time:
  Lair:1: 1843 daAuts
    D:14: 1841 daAuts
  Lair:2: 1820 daAuts
     D:8: 1792 daAuts
  Lair:6: 1557 daAuts
  Lair:5: 1502 daAuts
    D:13: 1485 daAuts
     D:2: 1430 daAuts
  Lair:3: 1345 daAuts
     D:1: 1332 daAuts
     D:4: 1244 daAuts
   Orc:2: 1217 daAuts
    D:12: 1208 daAuts
     D:6: 1205 daAuts
 Snake:1: 1136 daAuts
